 Dungeon Crawl Stone Soup version 0.28.0-45-g0d030f2227 (webtiles) character file.

Game seed: 16012113225425622861

937 Renzlar the Shield-Bearer (level 8, 67/67 HPs)
             Began as a Gnoll Fighter on Apr 17, 2022.
             Quit the game on level 5 of the Dungeon.
             The game lasted 00:13:27 (4192 turns).

Renzlar the Shield-Bearer (Gnoll Fighter)           Turns: 4192, Time: 00:13:28

Health: 67/67      AC: 13    Str: 19    XL:     8   Next: 12%
Magic:  12/12      EV:  8    Int:  7    God:
Gold:   244        SH:  0    Dex: 11    Spells: 13/13 levels left

rFire   . . .      SeeInvis .   c - +0 hunting sling
rCold   . . .      Faith    .   f - +0 buckler
rNeg    . . .      Spirit   .   h - +2 chain mail {rPois}
rPois   +          Reflect  .   (no helmet)
rElec   .          Harm     .   k - +0 cloak
rCorr   +          Rampage  .   (no gloves)
Will    .....                   (no boots)
Stlth   ..........              (no amulet)
HPRegen 0.21/turn               t - ring of resist corrosion
MPRegen 0.13/turn               (no ring)

@: confused
A: fangs 1, strong nose, distributed training
a: no special abilities


You were on level 5 of the Dungeon.
You visited 2 branches of the dungeon, and saw 6 of its levels.

You collected 244 gold pieces.

Inventory:

Hand Weapons
 a - a +1 vorpal war axe
 c - a +0 hunting sling (weapon)
Missiles
 i - 5 poisoned darts
 n - 118 stones (quivered ammo)
 p - 30 bolts
 u - 5 curare-tipped darts
Armour
 b - a +0 scale mail
 f - a +0 buckler (worn)
 h - a +2 chain mail of poison resistance (worn)
 k - a +0 cloak (worn)
Jewellery
 t - a ring of resist corrosion (left hand)
Wands
 e - a wand of acid (15)
Scrolls
 m - 2 scrolls of magic mapping
 s - a scroll of enchant weapon
 v - 2 scrolls of teleportation
 x - 2 scrolls of amnesia
Potions
 d - a potion of might
 g - a potion of mutation
 j - a potion of invisibility {unknown}
 l - a potion of brilliance {unknown}
 o - 2 potions of heal wounds {unknown}
 q - a potion of cancellation {unknown}
 r - a potion of berserk rage {unknown}
 w - a potion of ambrosia {unknown}
 z - a potion of curing {unknown}


   Skills:
 + Level 7.2 Fighting
 + Level 3.0 Short Blades
 + Level 3.0 Long Blades
 + Level 5.5 Axes
 + Level 3.0 Maces & Flails
 + Level 3.0 Polearms
 + Level 3.0 Staves
 + Level 3.0 Slings
 + Level 3.0 Bows
 + Level 3.0 Crossbows
 + Level 3.0 Throwing
 + Level 7.2 Armour
 + Level 3.0 Dodging
 + Level 3.0 Stealth
 + Level 7.2 Shields
 + Level 3.0 Unarmed Combat
 + Level 3.0 Spellcasting
 + Level 2.4 Conjurations
 + Level 2.4 Hexes
 + Level 2.4 Summonings
 + Level 2.4 Necromancy
 + Level 2.4 Translocations
 + Level 2.4 Transmutations
 + Level 2.4 Fire Magic
 + Level 2.4 Ice Magic
 + Level 2.4 Air Magic
 + Level 2.4 Earth Magic
 + Level 2.4 Poison Magic
 + Level 3.2 Invocations
 + Level 3.0 Evocations


You had 13 spell levels left.
You didn't know any spells.
Your spell library contained the following spells:

 Spells                   Type           Power      Damage    Failure   Level
 Slow                     Hex            16%        N/A       83%         1
 Confusing Touch          Hex            4%         N/A       99%         3
 Vampiric Draining        Necr           4%         2d6       99%         3


Dungeon Overview and Level Annotations

Branches:
Dungeon (5/15)             Temple (1/1) D:5

Altars:
Cheibriados
Dithmenos
Fedhas
Gozag
Hepliaklqana
Kikubaaqudgha
Makhleb
Nemelex Xobeh
Sif Muna
Uskayaw
Yredelemnul
The Shining One

Shops:
D:1 :(!?(   D:5 [:?


Innate Abilities, Weirdness & Mutations

You have very sharp teeth.
Your uncanny sense of smell can sniff out nearby items.
Your experience applies equally to all skills.


Message History

Your Dodging skill increases to level 3!
Your Stealth skill increases to level 3!
Your Unarmed Combat skill increases to level 3!
Your Spellcasting skill increases to level 3!
Your Evocations skill increases to level 3!
Unknown command.
c - a +0 hunting sling (weapon)
An orc comes into view. It is wielding a +0 dagger.
The orc shouts!
You hear a shout!
You see here a stone.
You shoot a stone. The stone hits the orc.
The orc is almost dead.
You shoot a stone. The stone hits the orc!
You kill the orc!
n - 122 stones (gained 1) 2 orcs come into view.
The orc shouts!
The orc moves out of view.
An orc wizard comes into view. It is wielding a +0 dagger.
You see here a stone.
You shoot a stone. The orc wizard shouts!
The stone hits the orc!
You kill the orc!
You shoot a stone.
The stone hits the orc wizard but does no damage.
A hound comes into view.
You shoot a stone.
The stone closely misses the orc wizard.
The hound barks!
The stone hits the hound.
The hound is moderately wounded.
You shoot a stone.
The stone hits the orc wizard but does no damage.
The orc wizard gestures at you while chanting.
You are confused.
An orc comes into view. It is wielding a +0 club.
The orc shouts!
You are too confused!
Are you sure you want to abandon this character and quit the game? (Confirm with "yes".)

...#.#<# ... .....#.#
...∆ ∆ ...###.# #.#+#
# .....#.###.#.# ..
.###.#...#.#.# ...
...#.###.#.#.# ####..
##.#.....<.#.# #...
#...####.....###.##.#
#.#.............@...#
.....##.######....(.#
.#.#..... ###...(#
.#.###...## #.###(..
##...###... #.# o(.
#........# #.# .o
#..>..##... #.# .
.)....#..# #.#
##...##.##


You could see an orc wizard and an orc.

Vanquished Creatures
  Grinder (D:4)
  Eustachio (D:4)
  A black bear (D:4)
  Blork the orc (D:4)
  A bullfrog (D:4)
  A hound (D:5)
  A gnoll shaman (D:5)
  Crazy Yiuf (D:2)
  Terence (D:2)
  A hound skeleton (D:5)
  8 gnolls
  5 adders
  An adder skeleton (D:5)
  3 worms
  6 dart slugs
  12 orcs
  5 bats
  7 endoplasms
  2 giant cockroaches
  3 goblins
  6 hobgoblins
  7 jackals (D:4)
  4 kobolds
  8 quokkas
  4 ball pythons
  23 rats
114 creatures vanquished.

Notes
Turn   | Place    | Note
-------+----------+-------------------------------------------
     0 | D:1      | Renzlar the Gnoll Fighter began the quest for the Orb.
     0 | D:1      | Reached XP level 1. HP: 23/23 MP: 1/1
    41 | D:1      | Found Paluebb's Weapon Emporium.
    57 | D:1      | Found Veuwiwel's Book Boutique.
   135 | D:1      | Reached XP level 2. HP: 29/29 MP: 2/2
   201 | D:1      | Found Zomuosai's Distillery.
   313 | D:1      | Found Dukoc's Magic Scroll Shoppe.
   361 | D:1      | Found a faded altar of an unknown god.
   436 | D:1      | Found Qumeici's Antique Weapon Boutique.
   542 | D:1      | Reached XP level 3. HP: 31/35 MP: 3/3
   839 | D:2      | Noticed Terence
   850 | D:2      | Killed Terence
   851 | D:2      | Reached skill level 1 in Short Blades
   851 | D:2      | Reached skill level 1 in Long Blades
   851 | D:2      | Reached skill level 1 in Maces & Flails
   851 | D:2      | Reached skill level 1 in Polearms
   851 | D:2      | Reached skill level 1 in Staves
   851 | D:2      | Reached skill level 1 in Slings
   851 | D:2      | Reached skill level 1 in Bows
   851 | D:2      | Reached skill level 1 in Crossbows
   851 | D:2      | Reached skill level 1 in Throwing
   851 | D:2      | Reached skill level 1 in Dodging
   851 | D:2      | Reached skill level 1 in Stealth
   851 | D:2      | Reached skill level 1 in Unarmed Combat
   851 | D:2      | Reached skill level 1 in Spellcasting
   851 | D:2      | Reached skill level 1 in Invocations
   851 | D:2      | Reached skill level 1 in Evocations
   851 | D:2      | Reached XP level 4. HP: 16/38 MP: 5/5
  1077 | D:2      | Found a runed translucent door.
  1078 | D:2      | Noticed Crazy Yiuf
  1083 | D:2      | Killed Crazy Yiuf
  1084 | D:2      | Reached skill level 1 in Conjurations
  1084 | D:2      | Reached skill level 1 in Hexes
  1084 | D:2      | Reached skill level 1 in Summonings
  1084 | D:2      | Reached skill level 1 in Necromancy
  1084 | D:2      | Reached skill level 1 in Translocations
  1084 | D:2      | Reached skill level 1 in Transmutations
  1084 | D:2      | Reached skill level 1 in Fire Magic
  1084 | D:2      | Reached skill level 1 in Ice Magic
  1084 | D:2      | Reached skill level 1 in Air Magic
  1084 | D:2      | Reached skill level 1 in Earth Magic
  1084 | D:2      | Reached skill level 1 in Poison Magic
  1567 | D:3      | Reached XP level 5. HP: 31/47 MP: 5/7
  2452 | D:4      | Found a shadowy altar of Dithmenos.
  2508 | D:4      | Noticed Blork the orc
  2524 | D:4      | Killed Blork the orc
  2525 | D:4      | Reached XP level 6. HP: 27/53 MP: 8/8
  2792 | D:4      | Noticed a black bear
  2798 | D:4      | Killed a black bear
  2799 | D:4      | Reached skill level 5 in Axes
  2876 | D:4      | Noticed Eustachio
  2895 | D:4      | Killed Eustachio
  2896 | D:4      | Reached XP level 7. HP: 32/60 MP: 10/10
  3313 | D:4      | Noticed Grinder
  3316 | D:4      | Found a blossoming altar of Fedhas.
  3326 | D:4      | Paralysed by Grinder for 5 turns
  3342 | D:4      | Killed Grinder
  3751 | D:5      | Entered Level 5 of the Dungeon
  3754 | D:5      | Found Equkak's Magic Scroll Shoppe.
  3756 | D:5      | Found Wunaky's Book Shoppe.
  3766 | D:5      | Found Lated's Armour Boutique.
  3856 | D:5      | Found a staircase to the Ecumenical Temple.
  3863 | D:5      | Reached XP level 8. HP: 43/67 MP: 12/12
  3879 | Temple   | Entered the Ecumenical Temple
  4192 | D:5      | Quit the game

Illustrated notes

Levels and vault maps discovered:
D:1:      beargit_arrival_greenhouse, layout_basic, serial_shops,
          nicolae_shop_trees, nicolae_shop_bloodbath_and_beyond, shop,
          shop_coins, shop_statue, ebering_ecumenical_altar_sacrificial
D:2:      layout_rooms, uniq_terence, uniq_crazy_yiuf_cottage
D:3:      layout_basic, due_unseen_surprise
D:4:      layout_basic, mainiacjoe_overflow_alcove_4,
          mainiacjoe_overflow_catwalk, minmay_rat_hole, uniq_blork_the_orc,
          uniq_eustachio, uniq_grinder
D:5:      layout_basic, minmay_temple_entry_slanted, serial_shops, shop,
          shop_coins, nicolae_shop_trees, shop
Temple:   eino_temple_lava

Skill      XL: |  1  2  3  4  5  6  7  8 |
---------------+-------------------------+-----
Short Blades   | 1 2 3 |  3.0
Long Blades    | 1 2 3 |  3.0
Maces & Flails | 1 2 3 |  3.0
Polearms       | 1 2 3 |  3.0
Staves         | 1 2 3 |  3.0
Slings         | 1 2 3 |  3.0
Bows           | 1 2 3 |  3.0
Crossbows      | 1 2 3 |  3.0
Throwing       | 1 2 3 |  3.0
Dodging        | 1 2 3 |  3.0
Stealth        | 1 2 3 |  3.0
Unarmed Combat | 1 2 3 |  3.0
Spellcasting   | 1 2 3 |  3.0
Invocations    | 1 2 3 |  3.2
Evocations     | 1 2 3 |  3.0
Conjurations   | 1 2 |  2.4
Hexes          | 1 2 |  2.4
Summonings     | 1 2 |  2.4
Necromancy     | 1 2 |  2.4
Translocations | 1 2 |  2.4
Transmutations | 1 2 |  2.4
Fire Magic     | 1 2 |  2.4
Ice Magic      | 1 2 |  2.4
Air Magic      | 1 2 |  2.4
Earth Magic    | 1 2 |  2.4
Poison Magic   | 1 2 |  2.4
Axes           | 5 |  5.5
Fighting       | 7 |  7.2
Armour         | 7 |  7.2
Shields        | 7 |  7.2

Action                   |  1- 3 |  4- 6 |  7- 9 || total
-------------------------+-------+-------+-------++-------
Melee: War axe           |    65 |    85 |   112 ||   262
       Bite              |     7 |     6 |    12 ||    25
 Fire: Hunting sling     |       |    66 |    28 ||    94
  Use: Scroll            |     4 |     6 |     1 ||    11
       Potion            |       |       |     1 ||     1
Armor: Scale mail        |    18 |       |       ||    18
       Chain mail        |       |    36 |    68 ||   104
Dodge: Dodged            |    25 |    41 |    47 ||   113
Block: Buckler           |    18 |    29 |    33 ||    80
